AoeStats
← Sumi

Arabia

509388696Analyzed
4v4 RM · 7d ago on Sep 26, 2026· 24m 10s· 8 players
Game mode
Random Map
Map size
Large (8 player)
Population
200
Speed
Normal
Resources
Standard
Victory
Conquest
Starting age
Dark Age
Ending age
Imperial Age
RankedLock teamsTeams togetherTeam positionsShared explorationLock speedFull tech treeHidden civsTurbo modeCheats
Victory
Defeat
🇹🇼 Celts · Taiwan
2007
+3
🇹🇼 Georgians · Taiwan
1827
+7
🇦🇷 Armenians · Argentina
1608
+13
🇹🇼 Koreans · Taiwan
1599
+14
🇹🇼 Ethiopians · Taiwan
1638
-11
🇹🇼 Vietnamese · Taiwan
1635
-11
🇺🇦 Khitans · Ukraine
1538
-8
🇦🇷 Sicilians · Argentina
1530
-7
Karabas
6:41 Loom
8:53 Feudal Age
9:25 Double-Bit Axe
9:54 Domestication
16:15 Scale Barding Armor
17:32 Forging
19:12 Gold Mining
22:05 Castle Age
22:12 Wheelbarrow
23:10 Chain Barding Armor
22:11 Light Cavalry
24:07 Iron Casting
abija
5:22 Loom
8:57 Feudal Age
9:47 Double-Bit Axe
9:48 Horse Collar
19:14 Wheelbarrow
22:59 Castle Age
24:07 Scale Barding Armor
TW_Kenneth
6:12 Loom
8:55 Feudal Age
15:18 Fletching
17:41 Double-Bit Axe
17:36 Horse Collar
22:04 Castle Age
20:42 Double-Bit Axe
20:37 Horse Collar
21:29 Padded Archer Armor
21:21 Gold Mining
22:07 Crossbowman
23:21 Bodkin Arrow
24:37 Ballistics
[TNT] TW_RED
7:17 Loom
9:14 Feudal Age
9:35 Loom
9:46 Double-Bit Axe
15:44 Fletching
20:47 Castle Age
18:56 Horse Collar
21:26 Bodkin Arrow
20:52 Crossbowman
21:45 Bow Saw
22:48 Wheelbarrow
23:08 Ballistics
23:46 Padded Archer Armor
康寶羊
6:40 Loom
9:13 Feudal Age
9:53 Double-Bit Axe
12:57 Fletching
21:19 Castle Age
19:13 Horse Collar
20:02 Padded Archer Armor
21:56 Bodkin Arrow
21:22 Crossbowman
22:42 Leather Archer Armor
23:07 Ballistics
ANKR.Blve
9:47 Loom
13:30 Feudal Age
13:36 Man-at-Arms
14:05 Double-Bit Axe
14:01 Horse Collar
20:17 Castle Age
18:43 Stone Mining
20:52 Gold Mining
22:37 Bow Saw
22:28 Heavy Plow
23:21 Scale Mail Armor
24:19 Chain Mail Armor
24:18 Forging
小蜜蜂
5:58 Loom
8:19 Feudal Age
9:02 Double-Bit Axe
10:11 Horse Collar
14:07 Horse Collar
17:20 Bloodlines
20:43 Wheelbarrow
23:47 Castle Age
22:27 Scale Barding Armor
22:15 Gold Mining
22:55 Forging
23:06 Fletching
24:31 Husbandry
24:51 Chain Barding Armor
24:43 Bow Saw
24:36 Heavy Plow
Sumi
10:26 Loom
12:11 Feudal Age
16:49 Castle Age
16:55 Double-Bit Axe
18:03 Bow Saw
19:12 Fletching
21:13 Bodkin Arrow
22:20 Ballistics
Connection lost

Rejoining the realm…

Still unreachable

The connection could not be restored.

Session expired

The server has moved on; the page needs a fresh start.